 BcadrenCrawl: Boulder Brew version 0.06-688-g08e91b2d95 (webtiles) character file.

Game seed: 14452392014860794396

13 pipel the Ducker (level 2, 0/3 HPs) Fairy Chaos Knight. Began on Jan 5, 2023. Was a Plaything of Xom. Slain by a cinder newt (1 damage) ... on level 1 of the Dungeon. The game lasted 00:01:25 (295 turns).

pipel the Ducker (Fairy Chaos Knight)                Turns: 295, Time: 00:01:26

Health: 0/3        AC:  0    Str:  6    XL:     2 ^: 22
Magic:  3/3        EV: 21    Int: 14    God:    Xom [..*...]
Gold:   4          SH:  0    Dex: 16    Spells: 1/2 levels left

rFire    . . .     Slash    +   d - ring of protection from magic
rCold    . . .     Pierce   +
rNeg     . . .     Bludgeon +
rCorr    . . .     Vision   .
rPois    .         Gourm    .
rElec    .         Faith    .
MR       +....     Spirit   .
HPRegen  0.11/turn Reflect  .
MPRegen  0.13/turn Harm     .
Stlth    +.........

@: very slightly contaminated, glowing, slow
A: tiny, no armour or weapons, only one jewelry slot, no melee attacks, fairy
magic, fairy shield, decreased potion and divine healing, unfitting armour,
flight, slowness 1, fairy light 1, insubstantial
a: Fly, Renounce Religion


You were on level 1 of the Dungeon.
You worshipped Xom.
You were a toy of Xom.
You were not hungry.

You visited 1 branch of the dungeon, and saw 1 of its levels.

You collected 4 gold pieces.

Inventory:

Jewellery
 d - a ring of protection from magic (around core)
Scrolls
 c - a scroll of magic mapping
 e - a scroll of enchantment
Comestibles
 a - a ration
 b - 9 chunks of flesh


   Skills:
 + Level 3.5 Dodging
 + Level 0.6 Spellcasting
 + Level 1.5 Fire Magic


You had one spell level left.
You knew the following spells:

 Your Spells              Type           Power        Failure   Level  Hunger
a - Ephemeral Spirits     Fire           4 (25)       14%         1    32-52
Your spell library was empty.

Dungeon Overview and Level Annotations

Branches:
Dungeon (1/8)

Altars:


Innate Abilities, Weirdness & Mutations

You are too small to use any gear.
You can wear a single ring or amulet completely around your body.
You are incapable of melee of any kind.
Your magic reserves are extremely low but spells that normally cost one mana are free and all other spells cost one mana.
You are extremely frail but all attacks that strike you do exactly one damage.
The effect of potions and godly healing effects is reduced to match your tiny health and magic reserves.
You are able to fly continuously.
You cover ground slowly.
You exude a bright light in a small radius around yourself.
Your insubstantial form grants resistance to all physical attack and full immunity to sticky flames, nets and constriction. (rPhysical+)


Message History

You fall into the shallow water.
Moving in this stuff is going to be slow.
The cinder newt bites you (2). The cinder newt burns you (4).
Casting: Ephemeral Spirits (safe; 14% risk of failure)
Confirm with . or Enter, or press ? or * to list all spells.
You conjure some foxfire!
The cinder newt misses you.
Unknown command.
The foxfire hits the cinder newt (1).
The cinder newt resists.
The cinder newt is heavily wounded. (5/12) HP The cinder newt barely misses you.
Casting: Ephemeral Spirits (safe; 14% risk of failure)
Confirm with . or Enter, or press ? or * to list all spells.
You miscast Ephemeral Spirits.
You are very lightly contaminated with residual magic.
Nothing appears to happen.
The cinder newt misses you.
Casting: Ephemeral Spirits (safe; 14% risk of failure)
Confirm with . or Enter, or press ? or * to list all spells.
Some ephemeral spirits of chaos come forth from the void!
The cinder newt bites you (2).
You die...

##.######
##.#### .....#
#.....# ...#.#
#.....#
####.######
#.....#
..##......#
.....
#.##......# ...
#.........# #.#
..........#
###l#
#####.....#
#.*@# # #######
#.### # #.# #
#.# ##### #.#
....##########.#
###.#..[.......#
###.#.##.#.#####
≈>....[..#.#


You could see a cinder newt.

Vanquished Creatures
  A ball python (D:1)
  4 goblins (D:1)
  2 hobgoblins (D:1)
  A kobold (D:1)
  2 bats (D:1)
  2 rats (D:1)
12 creatures vanquished.

Vanquished Creatures (others)
  3 ephemeral spirits (D:1)
  46 foxfires (D:1)
49 creatures vanquished.

Grand Total: 61 creatures vanquished

Notes
Turn   | Place    | Note
-------+----------+-------------------------------------------
     0 | D:1      | pipel the Fairy Chaos Knight began the quest for the Orb.
     0 | D:1      | Reached XP level 1. HP: 3/3 MP: 3/3
    17 | D:1      | XOM: butterfly on damage
    17 | D:1      | XOM: smoke on damage
    41 | D:1      | Reached skill level 3 in Dodging
   107 | D:1      | Reached XP level 2. HP: 3/3 MP: 3/3
   182 | D:1      | XOM: divination: magic mapping
   295 | D:1      | Slain by a cinder newt

Illustrated notes

Levels and vault maps discovered:
D:1:      saegor_arrival_simple_a, layout_loops_cross, grunt_decor_fettered,
          minmay_misc_feat_ornament

Skill      XL: |  1 |
---------------+----+-----
Dodging        | 3 |  3.5
Spellcasting   | |  0.6
Fire Magic     | |  1.5

Action                   || total
-------------------------++-------
 Cast: Ephemeral Spirits ||    37
Dodge: Dodged            ||     9
